 Dungeon Crawl Stone Soup version 0.26.0-10-g1f06aea511 (webtiles) character file.

Game seed: 1555792882178031027

11209 Hycrow the Severer (level 11, 0/153 HPs)
             Began as a Minotaur Berserker on Jan 17, 2021.
             Was a High Priest of Trog.
             Slain by a deep troll earth mage (2 damage)
             ... on level 11 of the Dungeon.
             The game lasted 00:19:31 (11158 turns).

Hycrow the Severer (Minotaur Berserker)            Turns: 11158, Time: 00:19:32

Health: 0/153      AC: 15    Str: 26    XL:     11   Next: 46%
Magic:  10/10      EV:  8    Int:  4    God:    Trog [*****.]
Gold:   1610       SH:  0    Dex:  9    Spells: 10/10 levels left

rFire    . . .     SeeInvis .   a - +0 hand axe
rCold    . . .     Faith    .   (no shield)
rNeg     . . .     Spirit   .   k - +0 plate armour
rPois    +         Reflect  .   (helmet restricted)
rElec    +         Harm     .   (no cloak)
rCorr    .         Rampage  .   (no gloves)
Will     .....                  (no boots)
Stlth    ..........             (no amulet)
HPRegen  0.35/turn              p - +4 ring of slaying
MPRegen  0.12/turn              C - ring "Oregamawou" {+Fly rElec rPois}

@: berserking, lethally poisoned (0 -> 0), barbed spikes, very quick
A: retaliatory headbutt, horns 2
a: Renounce Religion, Evoke Flight, Berserk, Trog's Hand, Brothers in Arms


You were on level 11 of the Dungeon.
You worshipped Trog.
Trog was extremely pleased with you.
You visited 1 branch of the dungeon, and saw 11 of its levels.
You also visited: Bailey.

You collected 1904 gold pieces.
You spent 294 gold pieces at shops.

Inventory:

Hand Weapons
 a - a +0 hand axe (weapon)
 E - a +2 glaive of flaming
Missiles
 D - 19 throwing nets (quivered)
Armour
 k - a +0 plate armour (worn)
Jewellery
 p - a +4 ring of slaying (left hand)
 A - an uncursed ring of fire {unknown}
 C - the ring "Oregamawou" (right hand) {+Fly rElec rPois}
   (You found it in a bailey)

   [ring of flight]

   It insulates you from electricity.
   It protects you from poison.
   It lets you fly.
Wands
 j - a wand of polymorph (7)
 l - a wand of iceblast (32)
 t - a wand of disintegration (22)
 u - a wand of random effects (16)
 y - a wand of flame (13)
 B - a wand of acid (17)
Scrolls
 b - 10 scrolls of remove curse
 g - a scroll of enchant armour
 h - 6 scrolls of teleportation
 m - 3 scrolls of blinking
 q - a scroll of magic mapping
 s - 2 scrolls of immolation
 v - a scroll of fog
 F - a scroll of identify
Potions
 c - 10 potions of curing
 d - 3 potions of lignification
 e - 2 potions of haste
 f - 4 potions of heal wounds
 i - a potion of magic
 n - a potion of cancellation {unknown}
 r - 4 potions of flight
 w - 2 potions of attraction
 x - a potion of resistance {unknown}
 z - a potion of mutation {unknown}


   Skills:
 + Level 11.4 Fighting
 * Level 15.0 Axes
 + Level 11.1 Armour
 - Level 2.1 Dodging


You had 10 spell levels left.
You didn't know any spells.
Your spell library was empty.

Dungeon Overview and Level Annotations

Branches:
Dungeon (11/15)            Temple (0/1) D:7            Lair (0/6) D:9
    Orc (0/2) D:9          Bailey (visited)

Altars:
Dithmenos

Shops:
D:4 ?   D:7 [   D:10 (


Innate Abilities, Weirdness & Mutations

You reflexively headbutt those who attack you in melee.
You have a pair of horns on your head.


Message History

[Y]es or [N]o only, please.
The barbs in your skin will harm you if you move.
Continue? [Y]es or [N]o only, please.
The barbs in your skin will harm you if you move.
Continue?
Okay, then.
You closely miss the deep troll earth mage.
The deep troll earth mage is heavily wounded.
You hit the emperor scorpion but do no damage.
The emperor scorpion changes into a dire elephant!
A hornet comes into view.
Your ogre hits the dire elephant with a +0 giant club!
The hornet buzzes angrily.
You hit the dire elephant but do no damage.
You headbutt the dire elephant, but do no damage.
The dire elephant is lightly wounded.
You closely miss the deep troll earth mage.
The deep troll earth mage bites you.
* * * LOW HITPOINT WARNING * * *
The deep troll earth mage claws you.
You die...

#....>.####
#..###....## ##.#
#.##..# # # #.#
#.###.# .. #oy#
#####.###†# ..
.#.#.###..[##.# #.
h#..#)†.).##.#
c###.#.....#YO.##.#
..H.....^8.T@†^...#
.#.....#...##.#
..#H.###...##.#
.#.#.# ###.##.#
..#.## #..#.# .##.
##.#.# .. #...# §#
##..# .# #..#


You could see a dire elephant shaped shifter, a manticore (fleeing), a deep
troll earth mage, a hornet, a hound (fleeing) and a friendly ogre (summoned,
berserk).

Vanquished Creatures
  2 two-headed ogres
  A gargoyle (D:11)
  A troll (D:9)
  Grinder (D:4)
  14 yaks
  Eustachio (D:4)
  2 vampires
  Grum (D:8)
  A soldier ant (D:10)
  A black bear (D:8)
  4 ice beasts
  4 sky beasts
  3 orc warriors
  An ogre (D:5)
  2 phantoms
  A necrophage (D:10)
  An eye of draining (D:9)
  3 wolves (D:8)
  5 centaurs
  A big kobold (D:11)
  3 gnoll sergeants (D:10)
  5 bullfrogs
  A wyvern zombie (D:9)
  7 scorpions
  A water moccasin skeleton (D:7)
  11 killer bees
  4 wights (D:8)
  3 electric eels (D:10)
  A bullfrog zombie (D:11)
  13 hounds
  5 orc priests
  2 bullfrog skeletons
  2 centaur zombies
  2 gnoll shamans (D:10)
  A centaur skeleton (D:9)
  3 jellies
  3 iguanas
  7 orc wizards
  8 worker ants
  A worker ant zombie (D:9)
  Robin (D:3)
  31 gnolls
  8 adders
  A shadow imp (D:10)
  4 ufetubi
  An ooze (D:2)
  2 adder skeletons
  An adder zombie (D:6)
  A worm (D:2)
  6 dart slugs
  8 leopard geckos
  41 orcs
  A ball python (D:4)
  3 giant cockroaches
  17 goblins
  8 hobgoblins
  26 jackals
  3 quokkas (D:7)
  4 bats
  6 frilled lizards
  A jackal skeleton (D:5)
  11 kobolds
  A quokka skeleton (D:9)
  2 quokka zombies
  11 rats
332 creatures vanquished.

Vanquished Creatures (collateral kills)
  An orc knight (Bailey)
  2 wyverns (D:11)
  2 orc warriors (Bailey)
  A gnoll sergeant (D:10)
  A hound (D:11)
  A worker ant (D:11)
  7 gnolls
  2 orcs
  2 goblins (Bailey)
  A hobgoblin (Bailey)
  7 kobolds (Bailey)
27 creatures vanquished.

Grand Total: 359 creatures vanquished

Notes
Turn   | Place    | Note
-------+----------+-------------------------------------------
     0 | D:1      | Hycrow the Minotaur Berserker began the quest for the Orb.
     0 | D:1      | Reached XP level 1. HP: 19/19 MP: 0/0
    39 | D:1      | Reached skill level 4 in Axes
    42 | D:1      | Reached XP level 2. HP: 27/27 MP: 1/1
   454 | D:1      | Reached ** piety under Trog
   620 | D:2      | Reached XP level 3. HP: 21/33 MP: 2/2
   985 | D:2      | Reached skill level 5 in Axes
   985 | D:2      | Reached XP level 4. HP: 34/40 MP: 3/3
  2199 | D:3      | Reached XP level 5. HP: 47/47 MP: 4/4
  2377 | D:3      | Noticed Robin
  2393 | D:3      | Killed Robin
  2801 | D:4      | Noticed a phantom
  2830 | D:4      | Killed a phantom
  2831 | D:4      | Reached skill level 5 in Fighting
  2831 | D:4      | Reached skill level 6 in Axes
  2831 | D:4      | Reached XP level 6. HP: 39/56 MP: 5/5
  3141 | D:4      | Noticed Eustachio
  3153 | D:4      | Killed Eustachio
  3154 | D:4      | Reached skill level 7 in Axes
  3320 | D:4      | Noticed Grinder
  3333 | D:4      | Found Yninopof's Magic Scroll Boutique.
  3354 | D:4      | Killed Grinder
  3355 | D:4      | Reached skill level 5 in Armour
  3355 | D:4      | Reached XP level 7. HP: 50/63 MP: 6/6
  3425 | D:4      | Bought a scroll of blinking for 105 gold pieces
  3425 | D:4      | Bought a scroll of identify for 28 gold pieces
  3425 | D:4      | Bought a scroll of identify for 28 gold pieces
  3425 | D:4      | Bought a scroll of remove curse for 42 gold pieces
  3425 | D:4      | Bought a scroll of remove curse for 42 gold pieces
  3425 | D:4      | Bought a scroll of fear for 49 gold pieces
  3513 | D:4      | Reached *** piety under Trog
  3577 | D:4      | Reached skill level 8 in Axes
  3870 | D:5      | Entered Level 5 of the Dungeon
  3924 | D:5      | Reached XP level 8. HP: 52/71 MP: 7/7
  4249 | D:5      | Reached skill level 9 in Axes
  4279 | D:5      | Found a shadowy altar of Dithmenos.
  5129 | D:6      | Reached skill level 10 in Axes
  5607 | D:7      | Reached **** piety under Trog
  5615 | D:7      | Reached XP level 9. HP: 64/81 MP: 8/8
  5951 | D:7      | Found a staircase to the Ecumenical Temple.
  6141 | D:7      | Reached skill level 11 in Axes
  6348 | D:7      | Found Yddemacw's Antique Armour Shop.
  6410 | D:8      | Noticed a two-headed ogre
  6417 | D:8      | Killed a two-headed ogre
  6696 | D:8      | Reached skill level 12 in Axes
  6726 | D:8      | Noticed Grum
  6733 | D:8      | Killed Grum
  7519 | D:9      | Reached XP level 10. HP: 88/91 MP: 9/9
  7554 | D:9      | Reached ***** piety under Trog
  7880 | D:9      | Found a flagged portal.
  7893 | D:9      | Reached skill level 13 in Axes
  7902 | Bailey   | Entered a bailey
  7973 | Bailey   | Got the ring "Oregamawou" {+Fly}
  7980 | Bailey   | Identified the ring "Oregamawou" {+Fly rElec rPois} (You
                  | found it in a bailey)
  7989 | Bailey   | Identified a scroll of acquirement
  7989 | Bailey   | Acquired 1072 gold pieces
  7997 | Bailey   | Noticed an orc knight
  8107 | Bailey   | Killed an orc knight
  8108 | Bailey   | Reached skill level 10 in Fighting
  8864 | D:9      | Found a staircase to the Orcish Mines.
  8874 | D:9      | Found a staircase to the Lair.
  8884 | D:9      | Reached skill level 10 in Armour
  9226 | D:10     | Entered Level 10 of the Dungeon
  9263 | D:10     | Noticed a two-headed ogre
  9272 | D:10     | Killed a two-headed ogre
  9273 | D:10     | Reached skill level 14 in Axes
  9468 | D:10     | Received a gift from Trog
  9472 | D:10     | Reached XP level 11. HP: 96/101 MP: 10/10
  9565 | D:10     | Found Tetoyz's Antique Weapon Emporium.
  9943 | D:10     | Received a gift from Trog
 10322 | D:10     | Identified the Compendium of the Dusty Voyage
 11132 | D:11     | Noticed an anaconda
 11136 | D:11     | Reached skill level 15 in Axes
 11142 | D:11     | Noticed an entropy weaver
 11150 | D:11     | Noticed a satyr
 11150 | D:11     | an entropy weaver changed into a satyr
 11151 | D:11     | Noticed a deep troll earth mage
 11154 | D:11     | Noticed an entropy weaver
 11154 | D:11     | a satyr changed into an entropy weaver
 11155 | D:11     | Noticed a five-headed hydra
 11155 | D:11     | an entropy weaver changed into a five-headed hydra
 11156 | D:11     | Noticed an emperor scorpion
 11156 | D:11     | a five-headed hydra changed into an emperor scorpion
 11157 | D:11     | Noticed a dire elephant
 11157 | D:11     | an emperor scorpion changed into a dire elephant
 11158 | D:11     | HP: 2/153 [deep troll earth mage (6)]
 11158 | D:11     | Slain by a deep troll earth mage

Illustrated notes

Levels and vault maps discovered:
D:1:      eino_arrival_water_cross, layout_rooms, serial_park_tiny_pond,
          minivault_27
D:2:      layout_basic
D:3:      layout_loops_ring, uniq_robin
D:4:      layout_loops_ring, serial_shops, shop, uniq_grinder, uniq_eustachio
D:5:      layout_basic, lemuel_doored_altar
D:6:      layout_basic
D:7:      layout_cave_pools, minmay_temple_entry_gardened_gates, serial_shops,
          kennysheep_little_box, grunt_ministairs_15
D:8:      layout_loops_corners, uniq_grum
D:9:      layout_roguey, lair_entry_dummy, orc_0_dummy, enter_bailey_3
D:10:     layout_cave_pools, serial_gnoll_camp, gnoll_camp_huts_moat,
          gnoll_camp_mini_loothouse, gnoll_camp_mini_basic,
          gnoll_camp_medium_02, serial_shops, nicolae_shop_trees
D:11:     minmay_complete_graph, layout_rooms

Skill      XL: |  1  2  3  4  5  6  7  8  9 10 11 |
---------------+----------------------------------+-----
Axes           | 4 5 6 7 8 10 12 14 15 | 15.0
Fighting       | 4 5 6 7 9 10 11 | 11.4
Armour         | 3 4 5 7 8 10 11 | 11.1
Dodging        | |  2.1

Action                   |  1- 3 |  4- 6 |  7- 9 | 10-12 || total
-------------------------+-------+-------+-------+-------++-------
Melee: Hand axe          |    68 |   174 |   226 |   432 ||   900
       Headbutt          |     7 |    26 |    52 |    81 ||   166
Invok: Berserk           |     2 |     2 |     2 |     4 ||    10
       Brothers in Arms  |       |       |       |     6 ||     6
       Trog's Hand       |       |       |       |     3 ||     3
 Abil: Evoke Flight      |       |       |       |     4 ||     4
       Stop Flying       |       |       |       |     2 ||     2
Evoke: Wand              |       |       |     3 |     8 ||    11
  Use: Scroll            |     2 |     6 |     5 |     8 ||    21
       Potion            |       |       |       |     1 ||     1
Armor: Animal skin       |    15 |     8 |       |       ||    23
       Chain mail        |       |    12 |       |       ||    12
       Plate armour      |       |    65 |    95 |   223 ||   383
Dodge: Dodged            |    53 |    67 |    74 |   175 ||   369
